 Dungeon Crawl Stone Soup version 0.17-a0-1149-ga0dc056 (webtiles) character file.

9048 AnnoyedKobold the Scholar (level 11, -7/74 HPs)
             Began as a Green Draconian Ice Elementalist on May 27, 2015.
             Was an Elder of Sif Muna.
             Killed from afar by a necromancer (31 damage)
             ... with a bolt of cold
             ... on level 10 of the Dungeon.
             The game lasted 01:07:32 (14725 turns).

AnnoyedKobold the Scholar (DrIE)                   Turns: 14725, Time: 01:07:32

Health: -7/74      AC: 11    Str: 11      XL:     11   Next: 17%
Magic:  5/37       EV: 11    Int: 23      God:    Sif Muna [****..]
Gold:   222        SH:  3    Dex: 11 (12) Spells: 3 memorised, 16 levels left

rFire  . . .     SeeInvis .     I - staff of power
rCold  . . .     Clarity  .     (armour unavailable)
rNeg   . . .     SustAt   .     K - +0 buckler
rPois  +         Gourm    .     (helmet restricted)
rElec  .         Spirit   .     (no cloak)
rCorr  .         Warding  .     e - +0 pair of gloves
rMut   .         Stasis   .     j - +2 pair of boots
MR     +....                    w - amulet of rage
Stlth  ++........               C - ring of protection from magic
                                (no ring)

@: brilliant, somewhat resistant to hostile enchantments, unstealthy
A: breathe noxious fumes, unfitting armour, poison resistance, cold-blooded, AC
+7
a: Breathe Noxious Fumes, Channel Energy, Forget Spell, Renounce Religion, Evoke
Berserk Rage


You were on level 10 of the Dungeon.
You worshipped Sif Muna.
Sif Muna was greatly pleased with you.
You were near starving.

You visited 3 branches of the dungeon, and saw 12 of its levels.

You collected 437 gold pieces.
You spent 215 gold pieces at shops.

Inventory:

Hand weapons
 m - a +3 dagger of electrocution
Missiles
 v - 222 stones (quivered)
Armour
 e - a +0 pair of gloves (worn)
 j - a +2 pair of boots (worn)
 K - a +0 buckler (worn)
Magical staves
 I - an uncursed staff of power (weapon)
Jewellery
 c - an uncursed ring of ice
 p - an uncursed ring of sustain attributes
 q - an uncursed ring of flight
 w - an amulet of rage (around neck)
 x - an uncursed ring of protection from cold
 A - an uncursed ring of protection from cold
 C - a ring of protection from magic (right hand)
Magical devices
 t - a wand of digging (2)
Scrolls
 g - 3 scrolls of teleportation
 i - 2 scrolls of blinking
 k - 5 scrolls of remove curse
 o - a scroll of noise {unknown}
 y - 2 scrolls of fog {unknown}
 E - 2 scrolls of enchant armour {unknown}
 G - a scroll of amnesia {unknown}
 H - a scroll of recharging {unknown}
Potions
 d - 3 potions of heal wounds
 f - 5 potions of curing
 n - a potion of magic
 s - 2 potions of haste
 z - a potion of might
 B - 2 potions of flight
 D - 3 potions of agility
Books
 a - a book of Frost

   Spells                             Type                      Level
   a - Freeze                         Ice                          1
   b - Throw Frost                    Conjuration/Ice              2
   c - Ozocubu's Armour               Charms/Ice                   3
   d - Throw Icicle                   Conjuration/Ice              4
   e - Summon Ice Beast               Ice/Summoning                4
   f - Condensation Shield            Ice                          4
 F - a book of Power

   Spells                             Type                      Level
   a - Fulminant Prism                Conjuration/Hexes            4
   b - Iskenderun's Mystic Blast      Conjuration                  4
   c - Venom Bolt                     Conjuration/Poison           5
   d - Bolt of Magma                  Conjuration/Fire/Earth       5
   e - Iron Shot                      Conjuration/Earth            6
   f - Orb of Destruction             Conjuration                  7
   g - Spellforged Servitor           Conjuration/Summoning        7
Comestibles
 b - 2 bread rations
 h - 7 royal jellies
 r - 3 chunks of flesh
 u - 4 meat rations
 J - 4 beef jerkies


   Skills:
 + Level 5.4 Staves
 - Level 1.8 Dodging
 - Level 1.7 Stealth
 - Level 7.8 Spellcasting
 - Level 7.4 Conjurations
   Level 4.3 Charms
 - Level 8.4 Ice Magic
 - Level 9.0 Invocations


You had 16 spell levels left.
You knew the following spells:

 Your Spells              Type           Power        Failure   Level  Hunger
a - Freeze                Ice            ####         1%          1    None
c - Throw Icicle          Conj/Ice       ######..     1%          4    ###....
d - Iskenderun's Mystic   Conj           ######..     1%          4    ###....


Dungeon Overview and Level Annotations

Branches:
Dungeon (10/15)            Temple (1/1) D:4             Orc (1/4) D:9
   Lair: D:8-11

Altars:
Ashenzari
Cheibriados
Dithmenos
Elyvilon
Fedhas
Gozag
Kikubaaqudgha
Makhleb
Nemelex Xobeh
Okawaru
Qazlal
Ru
Sif Muna
Trog
Vehumet
Xom
Yredelemnul
Zin
The Shining One

Shops:
D:5 !*[%   D:6 %

Annotations:
D:8 exclusions: obsidian statue and orange crystal statue
D:9 exclusion: obsidian statue


Innate Abilities, Weirdness & Mutations

You can breathe blasts of noxious fumes.
Your lurid green scales are hard (AC +7).
Your body does not fit into most forms of armour.
Your system is resistant to poisons.
You are cold-blooded and may be slowed by cold attacks.


Message History

The wolf simulacrum bites you but does no damage.
The polar bear simulacrum bites the plant!
The polar bear simulacrum freezes the plant!
The polar bear simulacrum claws the plant but does no damage.
The polar bear simulacrum claws the plant.
The polar bear simulacrum freezes the plant!!
You miss the necromancer.
The necromancer is almost dead.
The polar bear simulacrum bites the plant!
The plant is destroyed!
You barely miss the necromancer.
The necromancer is almost dead.
The necromancer points at you and mumbles some strange words.
Your body is wracked with pain!
You barely miss the necromancer.
The necromancer is almost dead.
You block the wolf simulacrum's attack. The necromancer casts a spell at you.
The bolt of cold hits you!
You die...

.... ...# ...# . ...## #..
...## .... ...#....#
#####......#. ... .....
#..@.............. # .....
#..Zp#####........## ......
#..⌠Z# #.<........ ......
##..P.# #.......... ......#
#.....# #..........
.......###..#'## #.........(
.......)##..#......#..........
#.....#......#..........
##.†..#....#(#...<.)....


You could see a necromancer, a wolf simulacrum and a polar bear simulacrum.

Vanquished Creatures
  Maurice (D:9)
  A two-headed ogre (D:8)
  A troll (D:9)
  Sigmund (D:4)
  A shadow (D:8)
  10 yaks
  A wraith (D:9)
  5 hippogriffs
  A warg (D:9)
  A hungry ghost (D:9)
  2 necrophages (D:5)
  A soldier ant (D:9)
  8 orc warriors
  2 black bears
  A sky beast (D:9)
  2 ice beasts
  A wasp (D:9)
  4 centaurs
  A phantom (D:9)
  4 ogres
  12 big kobolds (D:8)
  A water moccasin zombie (D:4)
  3 scorpions
  7 giant frogs
  A water moccasin skeleton (D:8)
  5 wights (D:9)
  6 crimson imps
  3 orc priests
  2 jellies
  3 hounds
  A quasit (D:9)
  2 giant frog skeletons (D:9)
  3 iguanas
  2 giant frog zombies
  9 orc wizards
  8 worker ants
  A centaur skeleton (D:9)
  4 gnolls
  9 adders
  3 shadow imps
  2 oozes
  3 adder skeletons
  An adder zombie (D:9)
  3 worms
  4 giant geckos
  51 orcs
  2 bat zombies
  9 giant cockroaches
  15 goblins
  12 hobgoblins
  21 jackals
  4 quokkas
  3 ball pythons
  16 bats
  5 giant newts
  23 kobolds
  A quokka skeleton (D:4)
  16 rats
325 creatures vanquished.

Vanquished Creatures (others)
  An ogre (D:9)
  A human (D:5)
  A giant frog (D:9)
  An orc wizard (D:4)
  3 orcs (D:9)
  2 bats (D:9)
  A bush (D:9)
  A plant (D:10)
11 creatures vanquished.

Grand Total: 336 creatures vanquished

Notes
Turn   | Place    | Note
--------------------------------------------------------------
     0 | D:1      | AnnoyedKobold the Draconian Ice Elementalist began the quest for the Orb.
     0 | D:1      | Reached XP level 1. HP: 14/14 MP: 3/3
   275 | D:1      | Reached XP level 2. HP: 18/20 MP: 0/5
  1034 | D:1      | Reached XP level 3. HP: 24/26 MP: 2/7
  2040 | D:2      | Reached XP level 4. HP: 33/33 MP: 5/9
  2142 | D:2      | Reached skill level 4 in Ice Magic
  2868 | D:3      | Learned a level 3 spell: Ozocubu's Armour
  3546 | D:4      | Noticed a hippogriff
  3548 | D:4      | Noticed Sigmund
  3571 | D:3      | Reached XP level 5. HP: 38/38 MP: 5/10
  3623 | D:3      | Killed a hippogriff
  3623 | D:3      | Reached skill level 5 in Ice Magic
  3623 | D:3      | Reached XP level 6. HP: 18/45 MP: 1/12
  3937 | D:4      | Killed Sigmund
  3937 | D:4      | Reached skill level 5 in Spellcasting
  4116 | D:4      | Found a staircase to the Ecumenical Temple.
  4129 | Temple   | Entered the Ecumenical Temple
  4230 | Temple   | Became a worshipper of Sif Muna the Loreminder
  4291 | D:4      | Your scales start taking on a lurid green colour.
  4291 | D:4      | Gained mutation: Your system is resistant to poisons. [Green Draconian growth]
  4291 | D:4      | Reached XP level 7. HP: 47/50 MP: 9/14
  4495 | D:4      | Reached skill level 6 in Ice Magic
  4803 | D:4      | Noticed an ogre
  4814 | D:4      | Killed an ogre
  5233 | D:5      | Entered Level 5 of the Dungeon
  5313 | D:5      | Found Vomufyc's General Store.
  5332 | D:5      | Bought a beef jerky for 18 gold pieces
  5350 | D:5      | Found Fevvoaze's Distillery.
  5358 | D:5      | Bought a potion of might for 56 gold pieces
  5358 | D:5      | Bought a potion of degeneration for 14 gold pieces
  5358 | D:5      | Bought a potion of flight for 42 gold pieces
  5358 | D:5      | Bought a potion of mutation for 35 gold pieces
  5456 | D:5      | Acquired Sif Muna's first power
  5508 | D:5      | Found Golonipa's Food Boutique.
  5512 | D:5      | Bought a meat ration for 50 gold pieces
  5659 | D:5      | Learned a level 4 spell: Throw Icicle
  5675 | D:5      | Reached skill level 7 in Ice Magic
  5675 | D:5      | Reached XP level 8. HP: 51/57 MP: 8/17
  5727 | D:5      | Found a stormy altar of Qazlal.
  5730 | D:5      | Found a blossoming altar of Fedhas.
  5736 | D:5      | Found Goly's Armour Shoppe.
  5774 | D:5      | Found an ancient bone altar of Kikubaaqudgha.
  5774 | D:5      | Noticed a human
  5789 | D:5      | Killed a human
  6703 | D:6      | Found Qonub's Food Boutique.
  6788 | D:6      | Found a radiant altar of Vehumet.
  6799 | D:6      | Acquired Sif Muna's second power
  7188 | D:6      | Reached skill level 8 in Ice Magic
  8085 | D:7      | Learned a level 4 spell: Iskenderun's Mystic Blast
  8308 | D:7      | Reached XP level 9. HP: 58/62 MP: 17/20
  8528 | D:7      | Reached skill level 1 in Invocations
  8952 | D:8      | Reached skill level 5 in Conjurations
  9293 | D:8      | Noticed an orange crystal statue
  9343 | D:8      | Noticed an obsidian statue
  9572 | D:8      | Acquired Sif Muna's third power
  9607 | D:8      | Reached skill level 5 in Invocations
  9984 | D:8      | Reached XP level 10. HP: 69/69 MP: 17/21
 10851 | D:9      | Found a glowing silver altar of Zin.
 10851 | D:9      | Found a basalt altar of Yredelemnul.
 10852 | D:9      | Found a sparkling altar of Nemelex Xobeh.
 11117 | D:9      | Noticed an obsidian statue
 11620 | D:9      | Reached skill level 9 in Invocations
 11874 | D:9      | Reached skill level 1 in Staves
 12180 | D:9      | Found a staircase to the Orcish Mines.
 12281 | Orc:1    | Entered Level 1 of the Orcish Mines
 12286 | Orc:1    | Noticed an orc sorcerer
 12454 | Orc:1    | Noticed a rust devil
 12653 | Orc:1    | Noticed a sixfirhy
 12728 | D:9      | Found a sacrificial altar of Ru.
 12735 | D:9      | Noticed Maurice
 12764 | D:9      | Killed Maurice
 12764 | D:9      | Reached skill level 1 in Charms
 13438 | D:9      | Got a crude spear
 13442 | D:9      | Identified the +4 spear of the Queen {antimagic, Dex+4 SInv} (You found it on level 9 of the Dungeon)
 13721 | D:9      | Reached XP level 11. HP: 64/74 MP: 22/22
 13786 | D:10     | Entered Level 10 of the Dungeon
 14283 | D:9      | Reached skill level 5 in Staves
 14703 | D:10     | Noticed a necromancer
 14725 | D:10     | Killed from afar by a necromancer

Vault maps used:
D:1:      dpeg_arrival_subterranean_lakeside_camping
D:2:      st_stairs_7, minivault_4
D:4:      minmay_temple_entry_statues_fountains, uniq_sigmund
D:5:      grunt_temple_overflow_forces_of_nature, serial_shops,
          nicolae_shop_window_shopping, shop, shop, nicolae_shop_statue_plus,
          first_bread, minmay_misc_feat_pillars, tgw_kikubaaqudgha
D:6:      fiery_altar_vehumet, serial_shops, kennysheep_little_box
D:8:      minmay_separated_statues, special_room, kennysheep_generic_room_12
D:9:      kennysheep_big_flooded_room, nicolae_ru_sacrificial_ziggurat,
          gammafunk_temple_overflow_forgotten, hiddenorc1_lemuel,
          hangedman_pestilent_swarm, minivault_16, lemuel_old_faithful,
          uniq_maurice
D:10:     erik_lair_island, eino_house_with_fridge
Temple:   circular_temple_12
Orc:1:    serial_shops, nicolae_shop_stone, shop, shop, shop, shop

Action                   |  1- 3 |  4- 6 |  7- 9 | 10-12 || total
-------------------------+-------+-------+-------+-------++-------
Melee: Unarmed           |    10 |       |       |       ||    10
       Dagger            |    55 |    34 |   204 |    15 ||   308
       Staff             |       |       |       |    96 ||    96
 Cast: Freeze            |    63 |    74 |   180 |   213 ||   530
       Throw Icicle      |       |       |    12 |    90 ||   102
       Ozocubu's Armour  |       |       |     1 |    12 ||    13
       Iskenderun's Myst |       |       |       |     2 ||     2
Invok: Channel Energy    |       |       |     9 |    10 ||    19
       Forget Spell      |       |       |       |     1 ||     1
 Abil: Breathe Noxious F |       |       |     7 |     9 ||    16
       Evoke Flight      |       |       |     2 |       ||     2
  Use: Scroll            |       |     6 |     5 |     5 ||    16
       Potion            |       |       |     3 |     2 ||     5
 Stab: Sleeping          |     2 |       |     5 |     1 ||     8
  Eat: Chunk             |     4 |     6 |     3 |    15 ||    28
       Bread ration      |       |       |     1 |     1 ||     2
       Pizza             |       |       |     1 |       ||     1
       Fruit             |       |       |     2 |     3 ||     5
       Beef jerky        |       |       |     2 |     1 ||     3
       Meat ration       |       |       |     2 |       ||     2
       Royal jelly       |       |       |       |     2 ||     2
